 Dungeon Crawl Stone Soup version 0.30-a0-867-g305f33218d (webtiles) character file.

Game seed: 1029808233959344311

207 BlueFish the Sneak (level 5, -3/37 HPs)
             Began as a Vampire Enchanter on Mar 11, 2023.
             Slain by an ogre
             ... wielding a +0 giant club
              (18 damage)
             ... on level 4 of the Dungeon.
             The game lasted 00:08:38 (2627 turns).

BlueFish the Sneak (Vampire Enchanter)              Turns: 2627, Time: 00:08:38

Health: -3/37      AC:  9    Str:  7    XL:     5   Next: 54%
Magic:  0/8        EV: 13    Int: 18    God:
Gold:   137        SH:  0    Dex: 16    Spells: 1/9 levels left

rFire   . . .      SeeInvis +    p - +1 dagger (protect)
rCold   . . .      Faith    .    (no shield)
rNeg    . . .      Spirit   .    g - +0 robe
rPois   .          Reflect  .    (no helmet)
rElec   .          Rampage  .    (no cloak)
rCorr   .                        (no gloves)
Will    .....                    (no boots)
Stlth   +++                      (no amulet)
HPRegen 0.46/turn                (no ring)
MPRegen 0.11/turn                (no ring)

@: under a protective aura, healing quickly
A: alive, fangs 3, see invisible, vampiric 2
a: Exsanguinate


You were on level 4 of the Dungeon.
You visited 1 branch of the dungeon, and saw 4 of its levels.

You collected 137 gold pieces.

Inventory:

Hand Weapons
 m - a +0 rapier
 p - a +1 dagger of protection (weapon)
Missiles
 h - 4 silver boomerangs (quivered)
 j - 20 poisoned darts
Armour
 g - a +0 robe (worn)
Scrolls
 d - 4 scrolls of identify {unknown}
 e - 2 scrolls of noise {unknown}
 n - a scroll of butterflies {unknown}
 o - a scroll of amnesia {unknown}
Potions
 c - a potion of invisibility
 f - 2 potions of mutation {unknown}
 i - 2 potions of lignification {unknown}
 k - 2 potions of might {unknown}
 l - a potion of flight {unknown}


   Skills:
 + Level 1.4 Fighting
 + Level 2.2 Short Blades
 + Level 1.0 Throwing
 + Level 1.3 Armour
 + Level 2.9 Dodging
 + Level 5.4 Stealth
 + Level 2.6 Spellcasting
 + Level 5.3 Hexes


You had one spell level left.
You knew the following spells:

 Your Spells              Type           Power      Damage    Failure   Level
a - Ensorcelled Hibernat  Hex/Ice        24%        N/A       9%          2
b - Confusing Touch       Hex            21%        N/A       5%          3
c - Tukima's Dance        Hex            21%        N/A       5%          3

Your spell library contained the following spells:

 Spells                   Type           Power      Damage    Failure   Level
 Dazzling Flash           Conj/Hex       24%        N/A       17%         3
 Ignite Poison            Fire/Tmut/Pois 2%         N/A       45%         3
 Kindle Blastsparks       Fire/Tloc/Air  4%         2d10      45%         3
 Iskenderun's Mystic Bla  Conj/Tloc      2%         2d3       86%         4
 Freezing Cloud           Conj/Ice/Air   1%         6-21      99%         5
 Starburst                Conj/Fire      1%         6d3       100%        6


Dungeon Overview and Level Annotations

Branches:
Dungeon (4/15)
 Temple: D:4-7

Altars:

Annotations:
D:4 1 runed translucent door, luigi's ghost, amateur DrTm


Innate Abilities, Weirdness & Mutations

Your natural rate of healing is accelerated.
You have razor-sharp teeth.
You have supernaturally acute eyesight. (SInv)
You are afflicted with vampirism and can become a bat while bloodless.


Message History

Items here: )))) ††††.
You closely miss the goblin. Your punch misses the goblin.
The goblin hits you but does no damage.
You completely miss the goblin. The goblin hits you but does no damage.
You barely miss the goblin. The goblin closely misses you.
You closely miss the goblin. The goblin hits you with a +4 dagger.
You closely miss the goblin. You bite the goblin.
The goblin is almost dead.
The goblin hits you with a +4 dagger.
You hit the goblin.
Your weapon exudes an aura of protection.
You kill the goblin!
You hit the goblin.
You kill the goblin!
Casting: Ensorcelled Hibernation (safe; 9% risk of failure)
Confirm with . or Enter, or press ? or * to list all spells.
Aiming: Ensorcelled Hibernation (safe; 9% risk of failure)
Press: ? - help, Shift-Dir - straight line, f - ogre
Aim: an ogre, wielding a +0 giant club (chance to affect: 46%)
The ogre resists with some effort.
The ogre barely misses you.
Casting: Ensorcelled Hibernation (safe; 9% risk of failure)
Confirm with . or Enter, or press ? or * to list all spells.
Aiming: Ensorcelled Hibernation (safe; 9% risk of failure)
Press: ? - help, Shift-Dir - straight line, f/p - ogre
Aim: an ogre, wielding a +0 giant club (chance to affect: 46%)
The ogre resists with some effort.
Casting: Ensorcelled Hibernation (safe; 9% risk of failure)
Confirm with . or Enter, or press ? or * to list all spells.
Aiming: Ensorcelled Hibernation (safe; 9% risk of failure)
Press: ? - help, Shift-Dir - straight line, f/p - ogre
Aim: an ogre, wielding a +0 giant club (chance to affect: 46%)
The ogre resists with some effort.
The ogre hits you with a +0 giant club!
Casting: Ensorcelled Hibernation (safe; 9% risk of failure)
Confirm with . or Enter, or press ? or * to list all spells.
Aiming: Ensorcelled Hibernation (safe; 9% risk of failure)
Press: ? - help, Shift-Dir - straight line, f/p - ogre
Aim: an ogre, wielding a +0 giant club (chance to affect: 46%)
The ogre resists with some effort.
The ogre hits you with a +0 giant club!!
You die...

#....#..#......)....#
#....#..'...)...)...#
#...<##.###...##....#
..#####.###...##....#
... #...#.........#
#...#.........#
#########...##...<#
........#...##....#
........'..gO@....#
........#...#######
.......g##'###
####...g.....#
####......# #).....#
.'......# (#......#
###......#


You could see an ogre and a goblin.

Vanquished Creatures
  An orc wizard (D:3)
  Robin (D:4)
  7 adders
  A worm (D:2)
  2 dart slugs
  8 orcs
  4 bats
  8 endoplasms
  5 giant cockroaches
  22 goblins
  8 hobgoblins
  4 quokkas
  2 ball pythons
  4 frilled lizards
  7 kobolds
  3 rats
87 creatures vanquished.

Notes
Turn   | Place    | Note
-------+----------+-------------------------------------------
     0 | D:1      | BlueFish the Vampire Enchanter began the quest for the Orb.
     0 | D:1      | Reached XP level 1. HP: 13/13 MP: 3/3
   221 | D:1      | Reached XP level 2. HP: 20/20 MP: 5/5
   556 | D:2      | Learned a level 2 spell: Ensorcelled Hibernation
   713 | D:2      | Gained mutation: You are afflicted with vampirism and can
                  | become a bat while bloodless. [Vampire growth]
   713 | D:2      | Reached XP level 3. HP: 25/25 MP: 6/6
   717 | D:2      | Learned a level 3 spell: Confusing Touch
   988 | D:2      | Reached XP level 4. HP: 31/31 MP: 7/7
  1214 | D:2      | Reached skill level 1 in Fighting
  1214 | D:2      | Reached skill level 5 in Stealth
  1356 | D:2      | Reached skill level 1 in Armour
  1404 | D:2      | Reached skill level 5 in Hexes
  1991 | D:3      | Reached XP level 5. HP: 37/37 MP: 5/8
  2065 | D:3      | Found a faded altar of an unknown god.
  2397 | D:4      | Noticed Robin
  2434 | D:4      | Killed Robin
  2442 | D:4      | Reached skill level 1 in Throwing
  2481 | D:4      | Learned a level 3 spell: Tukima's Dance
  2493 | D:4      | Found a runed translucent door.
  2497 | D:4      | Noticed luigi's ghost (amateur DrTm)
  2604 | D:4      | Noticed an ogre
  2627 | D:4      | Slain by an ogre

Illustrated notes

Levels and vault maps discovered:
D:1:      dpeg_arrival_orchard, layout_basic
D:2:      layout_loops_ring, wad_orctagon
D:3:      layout_rooms, basic_ecumenical_altar
D:4:      layout_gridville, elyvilon_altar_1, ebering_ghost_sewer_d,
          nicolae_take_the_stairs, minmay_ogre_servants, uniq_robin

Skill      XL: |  1  2  3  4  5 |
---------------+----------------+-----
Fighting       | 1 |  1.4
Stealth        | 5 |  5.4
Short Blades   | 2 |  2.2
Armour         | 1 |  1.3
Hexes          | 5 |  5.3
Throwing       | 1 |  1.0
Dodging        | |  2.9
Spellcasting   | |  2.6

Action                     |  1- 3 |  4- 6 || total
---------------------------+-------+-------++-------
  Melee: Dagger            |    82 |   172 ||   254
         Bite              |     7 |    12 ||    19
         Punch             |     1 |     1 ||     2
   Cast: Ensorcelled Hiber |     8 |    27 ||    35
    Use: Potion            |       |     1 ||     1
   Stab: Sleeping          |    15 |    23 ||    38
         Distracted        |       |     1 ||     1
 Armour: Robe              |    10 |    51 ||    61
  Dodge: Dodged            |    38 |   127 ||   165

Table legend: (Time is in decaauts)
 A = Elapsed time spent in this place.
 B = Non-inter-level travel time spent in this place.
 C = Inter-level travel time spent in this place.
 D = Time resting spent in this place.
 E = Time spent auto-exploring this place.
 F = Levels seen in this place.
 G = Mean time per level.
                   A        B        C        D        E       F      G
               +--------+--------+--------+--------+--------+-----+--------+
         Total |   2604 |   2524 |     80 |      0 |   1786 |   4 |  651.0 |
       Dungeon |   2604 |   2524 |     80 |      0 |   1786 |   4 |  651.0 |
               +--------+--------+--------+--------+--------+-----+--------+

Top non-repeatable levels by time:
     D:2: 1100 daAuts
     D:3: 748 daAuts
     D:1: 496 daAuts
     D:4: 258 daAuts
